ATL
HIGH POINT ROCKERS @ SUGAR LAND SKEETERS
07/01/2072
 
TOP OF THE 1ST
Somerset Patriots batting - Pitching for Lancaster Barnstormers : LHP Jamel Holmes
Pitching: LHP Jamel Holmes
Batting: RHB Bernie Rogue 0-0: Ball
1-0: Foul Ball, location: 2F
1-1: Foul Ball, location: 2F
1-2: Ball
2-2: Fly out, F8 (Flyball, 8LXD, EV 90.0 MPH)
Batting: RHB Kareem Jackson 0-0: Ball
1-0: Fly out, F4 (Flyball, 4D, EV 95.0 MPH)
Batting: SHB Rafael Huizar 0-0: Ball
1-0: Called Strike
1-1: Called Strike
1-2: Strikes out swinging
Top of the 1st over - 0 runs, 0 hits, 0 errors, 0 left on base; Somerset 0 - Lancaster 0
BOTTOM OF THE 1ST
Lancaster Barnstormers batting - Pitching for Somerset Patriots : RHP Dimitri Greer
Pitching: RHP Dimitri Greer
Batting: RHB Larry Parden 0-0: Called Strike
0-1: Ball
1-1: Ball
2-1: Foul Ball, location: 2F
2-2: Strikes out swinging
Batting: RHB Josh Fishman 0-0: Swinging Strike
0-1: Ball
1-1: Called Strike
1-2: Strikes out swinging
Batting: LHB Jason Frazer 0-0: Called Strike
0-1: Ball
1-1: Called Strike
1-2: Strikes out swinging
Bottom of the 1st over - 0 runs, 0 hits, 0 errors, 0 left on base; Somerset 0 - Lancaster 0
TOP OF THE 2ND
Somerset Patriots batting - Pitching for Lancaster Barnstormers : LHP Jamel Holmes
Batting: RHB Gustavo Quintanilla 0-0: Swinging Strike
0-1: Ball
1-1: Swinging Strike
1-2: Strikes out swinging
Batting: RHB Fazail Shelia 0-0: Ball
1-0: Ball
2-0: Called Strike
2-1: Ball
3-1: Called Strike
3-2: SINGLE (Groundball, 4D, EV 103.8 MPH)
Batting: RHB Matt Hixson 0-0: Ball
1-0: Called Strike
1-1: Ball
2-1: Ball
3-1: Grounds into double play, 4-6-3 (Groundball, 4, EV 80.0 MPH)
Top of the 2nd over - 0 runs, 1 hit, 0 errors, 0 left on base; Somerset 0 - Lancaster 0
BOTTOM OF THE 2ND
Lancaster Barnstormers batting - Pitching for Somerset Patriots : RHP Dimitri Greer
Batting: RHB Xavier Turner 0-0: Called Strike
0-1: Called Strike
0-2: Ball
1-2: Foul Ball, location: 2F
1-2: SINGLE (Line Drive, 7S, EV 88.1 MPH)
Batting: RHB Ben Draper 0-0: Swinging Strike
0-1: Ball
1-1: Called Strike
1-2: Ball
2-2: Foul Ball, location: 2F
2-2: Ball
3-2: Strikes out looking
Xavier Turner steals 2nd base
Batter strikes out.
Batting: RHB John Eliason 0-0: SINGLE (Line Drive, 34, EV 95.6 MPH)
Xavier Turner to third
Batting: LHB Danny Sheffer 0-0: Grounds into double play, 4-6-3 (Groundball, 4, EV 87.5 MPH)
Bottom of the 2nd over - 0 runs, 2 hits, 0 errors, 1 left on base; Somerset 0 - Lancaster 0
TOP OF THE 3RD
Somerset Patriots batting - Pitching for Lancaster Barnstormers : LHP Jamel Holmes
Batting: RHB Tony Gomez 0-0: Ball
1-0: Ball
2-0: TRIPLE (Flyball, 78XD, EV 110.0 MPH)
Batting: RHB Wayne Barton 0-0: Ball
1-0: Called Strike
1-1: Fly out, F9 (Flyball, 89XD, EV 92.5 MPH)
Runner from 3rd tags up, SCORES, no throw by RF
Batting: RHB Justin Dekle 0-0: SINGLE (Groundball, 6MD, EV 102.5 MPH)
Batting: RHB Bernie Rogue 0-0: Ball
1-0: Foul Ball, location: 2F
1-1: Called Strike
1-2: Ball
2-2: Ball
3-2: Foul Ball, location: 2F
3-2: Fly out, F7 (Flyball, 7S, EV 92.5 MPH)
Batting: RHB Kareem Jackson 0-0: Ball
1-0: Ball
2-0: Called Strike
2-1: SINGLE (Flyball, 9LS, EV 86.9 MPH)
Justin Dekle to second
Batting: SHB Rafael Huizar 0-0: Ground out 5-3 (Groundball, 56S, EV 87.5 MPH)
Top of the 3rd over - 1 run, 3 hits, 0 errors, 2 left on base; Somerset 1 - Lancaster 0
BOTTOM OF THE 3RD
Lancaster Barnstormers batting - Pitching for Somerset Patriots : RHP Dimitri Greer
Batting: RHB Chris Thompson 0-0: Ball
1-0: Foul Ball, location: 2F
1-1: Called Strike
1-2: Foul Ball, location: 2F
1-2: Ball
2-2: DOUBLE (Groundball, 3L, EV 103.8 MPH)
Batting: RHB Marcos Martinez 0-0: Called Strike
0-1: Ground out 5-3 (Groundball, 56, EV 105.0 MPH)
Batting: RHB Larry Parden 0-0: Ball
1-0: Foul Ball, location: 2F
1-1: Fly out, F8 (Flyball, 8LD, EV 90.6 MPH)
Batting: RHB Josh Fishman 0-0: Ball
1-0: SINGLE (Line Drive, 7S, EV 99.4 MPH)
Chris Thompson to third
Batting: LHB Jason Frazer 0-0: Called Strike
0-1: Ball
1-1: Foul Ball, location: 2F
1-2: Ball
2-2: Fly out, F4 (Popup, 34, EV 64.4 MPH)
Bottom of the 3rd over - 0 runs, 2 hits, 0 errors, 2 left on base; Somerset 1 - Lancaster 0
TOP OF THE 4TH
Somerset Patriots batting - Pitching for Lancaster Barnstormers : LHP Jamel Holmes
Batting: RHB Gustavo Quintanilla 0-0: Ball
1-0: Foul Ball, location: 2F
1-1: Foul Ball, location: 2F
1-2: Ball
2-2: Strikes out swinging
Batting: RHB Fazail Shelia 0-0: Called Strike
0-1: Ball
1-1: Ball
2-1: Foul Ball, location: 2F
2-2: Strikes out swinging
Batting: RHB Matt Hixson 0-0: Swinging Strike
0-1: Foul Ball, location: 2F
0-2: Ball
1-2: Foul Ball, location: 2F
1-2: Ball
2-2: Ball
3-2: Foul Ball, location: 2F
3-2: Strikes out swinging
Top of the 4th over - 0 runs, 0 hits, 0 errors, 0 left on base; Somerset 1 - Lancaster 0
BOTTOM OF THE 4TH
Lancaster Barnstormers batting - Pitching for Somerset Patriots : RHP Dimitri Greer
Batting: RHB Xavier Turner 0-0: Fly out, F9 (Flyball, 9S, EV 86.9 MPH)
Batting: RHB Ben Draper 0-0: SINGLE (Flyball, 56D, EV 85.0 MPH)
Batting: RHB John Eliason 0-0: Foul Ball, location: 2F
0-1: Foul Ball, location: 2F
0-2: Ball
1-2: Foul Ball, location: 2F
1-2: Ball
2-2: Fly out, F8 (Flyball, 8RXD, EV 90.6 MPH)
Batting: LHB Danny Sheffer 0-0: Ball
1-0: Called Strike
1-1: Fly out, F8 (Flyball, 8LXD, EV 91.3 MPH)
Bottom of the 4th over - 0 runs, 1 hit, 0 errors, 1 left on base; Somerset 1 - Lancaster 0
TOP OF THE 5TH
Somerset Patriots batting - Pitching for Lancaster Barnstormers : LHP Jamel Holmes
Batting: RHB Tony Gomez 0-0: Ground out 5-3 (Groundball, 56, EV 76.9 MPH)
Batting: RHB Wayne Barton 0-0: Called Strike
0-1: Called Strike
0-2: Ball
1-2: Foul Ball, location: 2F
1-2: Ball
2-2: Foul Ball, location: 2F
2-2: SOLO HOME RUN (Flyball, 7D, EV 89.4 MPH), Distance : 399 ft
Batting: RHB Justin Dekle 0-0: Ball
1-0: Swinging Strike
1-1: Fly out, F8 (Line Drive, 8LD, EV 90.0 MPH)
Batting: RHB Bernie Rogue 0-0: Ball
1-0: Foul Ball, location: 2F
1-1: Ball
2-1: Swinging Strike
2-2: Foul Ball, location: 2F
2-2: Ball
3-2: Ground out 6-3 (Groundball, 6, EV 106.9 MPH)
Top of the 5th over - 1 run, 1 hit, 0 errors, 0 left on base; Somerset 2 - Lancaster 0
BOTTOM OF THE 5TH
Lancaster Barnstormers batting - Pitching for Somerset Patriots : RHP Dimitri Greer
Batting: RHB Chris Thompson 0-0: Ball
1-0: Ball
2-0: Swinging Strike
2-1: Foul Ball, location: 2F
2-2: Ball
3-2: Fly out, F8 (Line Drive, 8RM, EV 100.6 MPH)
Batting: RHB Marcos Martinez 0-0: Ground out 4-3 (Groundball, 4M, EV 77.5 MPH)
Batting: RHB Larry Parden 0-0: Foul Ball, location: 2F
0-1: Ground out 5-3 (Groundball, 56, EV 85.6 MPH)
Bottom of the 5th over - 0 runs, 0 hits, 0 errors, 0 left on base; Somerset 2 - Lancaster 0
TOP OF THE 6TH
Somerset Patriots batting - Pitching for Lancaster Barnstormers : LHP Jamel Holmes
Pitching: RHP Josh Mills
Batting: RHB Kareem Jackson 0-0: SINGLE (Groundball, 3D, EV 110.6 MPH)
Batting: SHB Rafael Huizar 0-0: Foul Ball, location: 2F
0-1: Called Strike
0-2: Strikes out swinging
Batting: RHB Gustavo Quintanilla 0-0: Foul Ball, location: 2F
0-1: Ball
1-1: Ball
Wild Pitch!
Kareem Jackson to second
2-1: Ground out 4-3 (Groundball, 4, EV 103.8 MPH)
Kareem Jackson to third
Batting: RHB Fazail Shelia 0-0: Called Strike
0-1: Swinging Strike
0-2: Ball
1-2: Foul Ball, location: 2F
1-2: Ball
2-2: Foul Ball, location: 2F
2-2: 2-RUN HOME RUN (Flyball, 7D, EV 113.1 MPH), Distance : 390 ft
Batting: RHB Matt Hixson 0-0: Ball
1-0: Ball
2-0: Ball
3-0: Called Strike
3-1: Base on Balls
Batting: RHB Tony Gomez 0-0: SINGLE (Line Drive, 7S, EV 85.6 MPH)
Matt Hixson to second
Batting: RHB Wayne Barton 0-0: Ball
1-0: Called Strike
1-1: Foul Ball, location: 2F
1-2: Ground out 5-3 (Groundball, 56S, EV 70.6 MPH)
Top of the 6th over - 2 runs, 3 hits, 0 errors, 2 left on base; Somerset 4 - Lancaster 0
BOTTOM OF THE 6TH
Lancaster Barnstormers batting - Pitching for Somerset Patriots : RHP Dimitri Greer
Batting: RHB Josh Fishman 0-0: Ball
1-0: Foul Ball, location: 2F
1-1: Foul Ball, location: 2F
1-2: Ground out 5-3 (Groundball, 5, EV 82.5 MPH)
Batting: LHB Jason Frazer 0-0: Ball
1-0: Called Strike
1-1: Ball
2-1: Swinging Strike
2-2: Ball
3-2: Foul Ball, location: 2F
3-2: Fly out, F4 (Popup, 4S, EV 70.6 MPH)
Batting: RHB Xavier Turner 0-0: Called Strike
0-1: Ball
1-1: Foul Ball, location: 2F
1-2: Foul Ball, location: 2F
1-2: Ball
2-2: Foul Ball, location: 2F
2-2: Foul Ball, location: 2F
2-2: Foul Ball, location: 2F
2-2: Ball
3-2: Fly out, F8 (Flyball, 8LD, EV 90.6 MPH)
Bottom of the 6th over - 0 runs, 0 hits, 0 errors, 0 left on base; Somerset 4 - Lancaster 0
TOP OF THE 7TH
Somerset Patriots batting - Pitching for Lancaster Barnstormers : RHP Josh Mills
Batting: RHB Justin Dekle 0-0: Ball
1-0: Called Strike
1-1: Ball
2-1: Foul Ball, location: 2F
2-2: Ball
3-2: Strikes out swinging
Batting: RHB Bernie Rogue 0-0: Called Strike
0-1: Called Strike
0-2: Ball
1-2: Ball
2-2: Strikes out swinging
Batting: RHB Kareem Jackson 0-0: Called Strike
0-1: Ball
1-1: Called Strike
1-2: Strikes out swinging
Top of the 7th over - 0 runs, 0 hits, 0 errors, 0 left on base; Somerset 4 - Lancaster 0
BOTTOM OF THE 7TH
Lancaster Barnstormers batting - Pitching for Somerset Patriots : RHP Dimitri Greer
Pitching: RHP Ed Bain
Batting: RHB Ben Draper 0-0: Ground out 5-3 (Groundball, 56S, EV 86.9 MPH)
Batting: RHB John Eliason 0-0: Ball
1-0: Foul Ball, location: 2F
1-1: Ball
2-1: Foul Ball, location: 2F
2-2: Ball
3-2: Foul Ball, location: 2F
3-2: Fly out, F8 (Line Drive, 8LD, EV 90.0 MPH)
Batting: LHB Danny Sheffer 0-0: Ball
1-0: SINGLE (Groundball, 6M, EV 104.4 MPH) (infield hit)
Batting: RHB Chris Thompson 0-0: Called Strike
0-1: Swinging Strike
0-2: Ball
Danny Sheffer steals 2nd base
1-2: Foul Ball, location: 2F
1-2: Foul Ball, location: 2F
1-2: Foul Ball, location: 2F
1-2: Ball
2-2: Foul Ball, location: 2F
2-2: Fly out, F7 (Flyball, 78M, EV 82.5 MPH)
Bottom of the 7th over - 0 runs, 1 hit, 0 errors, 1 left on base; Somerset 4 - Lancaster 0
TOP OF THE 8TH
Somerset Patriots batting - Pitching for Lancaster Barnstormers : RHP Josh Mills
Batting: SHB Rafael Huizar 0-0: Ball
1-0: Foul Ball, location: 2F
1-1: Foul Ball, location: 2F
1-2: Ball
2-2: Foul Ball, location: 2F
2-2: Foul Ball, location: 2F
2-2: Ball
3-2: Base on Balls
Batting: RHB Gustavo Quintanilla 0-0: Ball
1-0: Fly out, F8 (Line Drive, 8LM, EV 94.4 MPH)
Batting: RHB Fazail Shelia 0-0: Ball
1-0: Called Strike
1-1: Called Strike
1-2: Ball
2-2: Ball
3-2: Strikes out swinging
Rafael Huizar is caught stealing 2nd base 2-4
Batter strikes out.
Top of the 8th over - 0 runs, 0 hits, 0 errors, 0 left on base; Somerset 4 - Lancaster 0
BOTTOM OF THE 8TH
Lancaster Barnstormers batting - Pitching for Somerset Patriots : RHP Ed Bain
Batting: RHB Marcos Martinez 0-0: Ball
1-0: Ball
2-0: Swinging Strike
2-1: Ball
3-1: Base on Balls
Batting: RHB Larry Parden 0-0: Swinging Strike
0-1: Ball
1-1: Foul Ball, location: 2F
1-2: Ball
2-2: Ball
3-2: Strikes out swinging
Batting: RHB Josh Fishman 0-0: Ball
1-0: Ball
2-0: Ball
3-0: Called Strike
3-1: Called Strike
3-2: Base on Balls
Marcos Martinez to second
Batting: LHB Jason Frazer 0-0: Ball
1-0: 3-RUN HOME RUN (Flyball, 9D, EV 98.1 MPH), Distance : 382 ft
Pitching: RHP Roger Day
Batting: RHB Xavier Turner 0-0: Ball
1-0: Ball
2-0: Called Strike
2-1: Ball
3-1: Foul Ball, location: 2F
3-2: Foul Ball, location: 2F
3-2: SINGLE (Line Drive, 34D, EV 101.9 MPH)
Batting: RHB Ben Draper 0-0: Ball
1-0: Swinging Strike
1-1: Ball
2-1: Foul Ball, location: 2F
2-2: Strikes out looking
Pinch Hitting: LHB Danny Contreras 0-0: Ball
1-0: SINGLE (Groundball, 34S, EV 81.9 MPH) (infield hit)
Xavier Turner to second
Batting: LHB Danny Sheffer 0-0: Called Strike
0-1: Called Strike
0-2: Foul Ball, location: 2F
0-2: Ball
1-2: Ball
2-2: Ground out 6-3 (Groundball, 6S, EV 86.3 MPH)
Bottom of the 8th over - 3 runs, 3 hits, 0 errors, 2 left on base; Somerset 4 - Lancaster 3
TOP OF THE 9TH
Somerset Patriots batting - Pitching for Lancaster Barnstormers : RHP Josh Mills
Now at 2B: Jorge Leal
Batting: RHB Matt Hixson 0-0: Ball
1-0: Ball
2-0: SINGLE (Groundball, 6MD, EV 109.4 MPH)
Pitching: RHP Dusty Prater
Batting: RHB Tony Gomez 0-0: Ball
1-0: Ball
2-0: Called Strike
2-1: Foul Ball, location: 2F
2-2: Ball
3-2: Base on Balls
Matt Hixson to second
Batting: RHB Wayne Barton 0-0: Fielders Choice at 2nd, 3-6 (Groundball, 34, EV 90.6 MPH)
Matt Hixson to third
Batting: RHB Justin Dekle 0-0: Called Strike
0-1: Fielders Choice at 2nd, 1-6 (Groundball, 13S, EV 67.5 MPH)
Batting: RHB Bernie Rogue 0-0: Foul Ball, location: 2F
0-1: Reached on error, E5 (Groundball, 56, EV 86.3 MPH)
Matt Hixson scores
Justin Dekle to second
Batting: RHB Kareem Jackson 0-0: Ball
1-0: Ground out 4-3 (Groundball, 4, EV 86.9 MPH)
Top of the 9th over - 1 run, 1 hit, 1 error, 2 left on base; Somerset 5 - Lancaster 3
BOTTOM OF THE 9TH
Lancaster Barnstormers batting - Pitching for Somerset Patriots : RHP Roger Day
Now at SS: Doug Pace
Batting: RHB Chris Thompson 0-0: Ball
1-0: Called Strike
1-1: SOLO HOME RUN (Flyball, 7D, EV 110.6 MPH), Distance : 385 ft
Pinch Hitting: LHB Jose Medina 0-0: Ball
1-0: Called Strike
1-1: Called Strike
1-2: Ball
2-2: Ball
3-2: Base on Balls
Batting: RHB Larry Parden 0-0: Ball
1-0: Ground out 5-3 (Groundball, 5S, EV 74.4 MPH)
Jose Medina to second
Batting: RHB Josh Fishman 0-0: Foul Ball, location: 2F
0-1: SINGLE (Line Drive, 4D, EV 103.1 MPH)
Jose Medina to third
Batting: LHB Jason Frazer 0-0: Called Strike
0-1: Swinging Strike
0-2: Ball
1-2: Grounds into double play, 4-6-3 (Groundball, 4, EV 99.4 MPH)
Bottom of the 9th over - 1 run, 2 hits, 0 errors, 1 left on base; Somerset 5 - Lancaster 4
Tuesday, October 26th , 2021 - OOTP Baseball 22.10 Build 79